Cogmind - Beta 17 @@@ ROGUE MODE // 2026.06.29 @ 19:18:47 Player: Conwew Result: Destroyed by S-10 Pest with Light Assault Rifle Performance ------------- Evolutions (0) 0 Regions Visited (4) 800 Robots Destroyed (14) 70 Value Destroyed (383) 383 Prototype IDs (23) 460 Alien Tech Used (0) 0 Bonus (300) 300 TOTAL SCORE: 2013 Bonus ------- Aligned with FarCom 300 Cogmind --------- Core Integrity 0/250 Matter 300/300 Energy 250/250 System Corruption 1% Temperature Cool (0) Movement Walking (120) Location -9/Mines Parts ------- > --- POWER (1) -------- Ion Engine > --- PROPULSION (2) --- Aluminum Leg > --- UTILITY (2) ------ Improved Heat Sink Signal Interpreter > --- WEAPON (2) ------- Light Assault Rifle > --- INVENTORY (5) ---- Light Nuclear Core Aluminum Leg Heat Sink Skeleton Box Small Laser Peak State ------------ > --- POWER ------------ Ion Engine > --- PROPULSION ------- Aluminum Leg Aluminum Leg > --- UTILITY ---------- Improved Heat Sink Signal Interpreter > --- WEAPON ----------- Particle Gun Light Assault Rifle > --- INVENTORY -------- Light Nuclear Core Aluminum Leg Heat Sink Skeleton Box Small Laser [Rating: 11] Favorites ----------- Power Ion Engine Engine Ion Engine Propulsion Aluminum Leg Leg Aluminum Leg Utility Improved Heat Sink Device Improved Heat Sink Processor Signal Interpreter Hackware Hacking Suite Weapon Particle Gun Energy Gun Particle Gun Ballistic Gun Light Assault Rifle Build | -11 -10 -10 -10 -9 ------- Run | Yrd Mat Min Exi Min Slots Evolved . | . . . . . Power . | . . . . . Propulsion . | . . . . . Utility . | . . . . . Weapon . | . . . . . Parts Attached 14 | 5 4 5 . . Power 1 | 1 . . . . Engine 1 | 1 . . . . Core . | . . . . . Reactor . | . . . . . Propulsion 4 | 2 . 2 . . Treads . | . . . . . Leg 4 | 2 . 2 . . Wheel . | . . . . . Hover . | . . . . . Flight . | . . . . . Utility 5 | . 4 1 . . Device 3 | . 2 1 . . Storage . | . . . . . Processor 1 | . 1 . . . Hackware 1 | . 1 . . . Protection . | . . . . . Artifact . | . . . . . Weapon 4 | 2 . 2 . . Energy Gun 2 | 1 . 1 . . Energy Cannon . | . . . . . Ballistic Gun 2 | 1 . 1 . . Ballistic Cannon . | . . . . . Launcher . | . . . . . Special Weapon . | . . . . . Impact Weapon . | . . . . . Slashing Weapon . | . . . . . Piercing Weapon . | . . . . . Special Melee Weapon . | . . . . . Unidentified Prototypes . | . . . . . Parts Lost 7 | . 3 2 . 2 Power . | . . . . . Propulsion 3 | . 2 . . 1 Utility 1 | . 1 . . . Weapon 3 | . . 2 . 1 Highest Loss Streak 2 | . 2 1 . 2 To Critical Strikes . | . . . . . Average Backups 3 | . 1 4 4 5 Power . | . . 1 1 1 Propulsion . | . . 1 1 1 Utility . | . . 1 1 1 Weapon . | . . . 1 1 Tool/Special . | . . . . . Unused Backups 4 | . . . . 4 Power 1 | . . . . 1 Propulsion 1 | . . . . 1 Utility . | . . . . . Weapon 1 | . . . . 1 Tool/Special 1 | . . . . 1 Average Slot Usage (%) 90 | . 75 92 100 97 Engine 14 | . 14 14 14 14 Leg 21 | . 14 21 28 26 Device 13 | . 11 14 14 14 Processor 10 | . 1 14 14 14 Hackware 1 | . 5 . . . Energy Gun 14 | . 14 14 14 14 Ballistic Gun 13 | . 14 13 14 14 Peak Build Rating 11 | 5 8 10 11 11 Average Rating 8 | 3 6 9 10 10 On Entrance 6 | . 5 7 10 11 Avg Prop Armor Cover (%) . | . . . . . Naked Turns . | . . . . . Heaviest Build 11 | 9 11 11 10 10 Greatest Support 20 | 20 20 20 20 20 Greatest Overweight (x) 3 | . 3 3 . . Average Overweight (x) . | . . . . . Largest Inventory Capacity 5 | 5 5 5 5 5 Average Capacity 5 | 5 5 5 5 5 Most Carried 5 | . 4 5 5 5 Average Carried 3 | . 1 4 4 5 Final Capacity 5 | 5 5 5 5 5 Final Carried 5 | . 4 4 5 5 Class Distribution -------------------- 63% | Scavenger-Mutant 36% | Mutant Dominant Class ---------------- Mutant | -10/Materials Scavenger-Mutant | -10/Mines Scavenger-Mutant | -10/Exiles Scavenger-Mutant | -9/Mines Resources | -11 -10 -10 -10 -9 ----------- Run | Yrd Mat Min Exi Min Matter Collected 455 | 186 186 74 . 9 Remotely . | . . . . . Salvage Created 411 | . 278 133 . . Parts 22 | . 14 8 . . Haulers Intercepted . | . . . . . Recyclers Shooed . | . . . . . Parts Field Recycled . | . . . . . Retrieved Matter . | . . . . . Parts Self-Destructed . | . . . . . Prevented . | . . . . . Parts Restored . | . . . . . Kills | -11 -10 -10 -10 -9 ------- Run | Yrd Mat Min Exi Min Combat Hostiles Destroyed 12 | . 6 6 . . Guns 11 | . 5 6 . . Classes Destroyed 4 | . 3 1 . . Operator 1 | . 1 . . . Watcher 1 | . 1 . . . Swarmer 4 | . . 4 . . Grunt 8 | . 6 2 . . Best Kill Streak 4 | . 4 3 . . Combat Bots Only 3 | . 2 3 . . Max Kills in Single Turn 2 | . 2 1 . . Gunslinging 1 | . 1 . . . Exploded . | . . . . . Melee . | . . . . . Uniques/NPCs Destroyed . | . . . . . Combat | -11 -10 -10 -10 -9 -------- Run | Yrd Mat Min Exi Min Hostile Shots Fired 108 | . 48 34 . 26 Missed 29 | . 12 9 . 8 Hits 79 | . 36 25 . 18 Melee 3 | . . . . 3 Projectile 76 | . 36 25 . 15 Critical Strikes 1 | . 1 . . . Damage Taken 905 | . 447 228 . 230 Core 256 | . 102 59 . 95 Absorbed by Shields . | . . . . . Core Remaining (%) 100 | 100 . . . . Volleys Fired 55 | . 32 17 . 6 Largest 2 | . 2 2 . 2 Hottest 85 | . 70 85 . 85 Shots Fired 109 | . 64 33 . 12 Gun 109 | . 64 33 . 12 Cannon . | . . . . . Launcher . | . . . . . Special . | . . . . . Kinetic 54 | . 32 16 . 6 Thermal 55 | . 32 17 . 6 Explosive . | . . . . . Electromagnetic . | . . . . . Robot Hit Streak 18 | . 9 18 . 3 Robot Miss Streak 4 | . 1 4 . 3 Penetration Max . | . . . . . Secondary Targets 3 | . 2 1 . . Max Gunslinging Chain 1 | . 1 1 . . Shots Hit Robots 80 | . 51 22 . 7 Core Hits 25 | . 15 10 . . Critical Kills . | . . . . . Critical Parts Destroyed . | . . . . . Critical Strikes 5 | . 4 . . 1 Burn 5 | . 4 . . 1 Melee Attacks . | . . . . . Impact . | . . . . . Slashing . | . . . . . Piercing . | . . . . . Sneak Attacks . | . . . . . Combat Hostiles . | . . . . . Follow-up Attacks . | . . . . . Damage Inflicted 1010 | . 661 272 . 77 Guns 1010 | . 661 272 . 77 Cannons . | . . . . . Explosions . | . . . . . Melee . | . . . . . Ramming . | . . . . . Kinetic 435 | . 299 109 . 27 Thermal 575 | . 362 163 . 50 Explosive . | . . . . . Electromagnetic . | . . . . . Impact . | . . . . . Slashing . | . . . . . Piercing . | . . . . . Highest Corruption 1 | . 1 1 1 1 Average Corruption 1 | . 1 1 1 1 Corruption Purged . | . . . . . Corruption Blocked . | . . . . . Effects 9 | . 1 3 4 1 Message Errors 3 | . 1 . 1 1 Matter Fused 1 | . . . 1 . Heat Flow Errors 1 | . . 1 . . Data Loss (minor) 4 | . . 2 2 . Overload Shots . | . . . . . Overflow Damage . | . . . . . Projectiles . | . . . . . Explosions . | . . . . . Melee . | . . . . . Knockbacks . | . . . . . Impact . | . . . . . Kinetic . | . . . . . Secondary . | . . . . . Self-Inflicted Damage . | . . . . . Shots . | . . . . . Rammed . | . . . . . Targets Rammed . | . . . . . Kicked . | . . . . . Crushed . | . . . . . Highest Temperature 263 | . 216 263 . 28 Average Temperature 67 | . 79 61 . 14 Received Heat Transfer 330 | . 261 45 . 24 Siege Activations . | . . . . . Martial Activations . | . . . . . Shielding Activations . | . . . . . Robots Disrupted . | . . . . . Combat Hostiles . | . . . . . Robots Corrupted . | . . . . . Combat Hostiles . | . . . . . Parts Fried . | . . . . . Impact Corruptions . | . . . . . Robots Melted 1 | . 1 . . . Combat Hostiles 1 | . 1 . . . Parts Melted 2 | . 2 . . . Heat Transferred 1961 | . 1369 407 . 185 Parts Sabotaged . | . . . . . Parts Stolen . | . . . . . Parts Stripped . | . . . . . Power Chain Reactions . | . . . . . Alert | -11 -10 -10 -10 -9 ------- Run | Yrd Mat Min Exi Min Maximum Alert Level . | . . . . . Low Security (%) 100 | 100 100 100 . 100 Level 1 . | . . . . . Level 2 . | . . . . . Level 3 . | . . . . . Level 4 . | . . . . . Level 5 . | . . . . . High Security . | . . . . . Max Security . | . . . . . Peak Influence 65 | . 65 60 . . Initial . | . . . . . Average 19 | . 25 19 . . Influence Increases 342 | . 162 180 . . Destroy 0b10 Robot/C 240 | . 120 120 . . Destroy 0b10 Robot/NC 10 | . 10 . . . Destroy Leader 62 | . 32 30 . . Lose Combat Pursuer 30 | . . 30 . . Influence Decreases 342 | . 162 180 . . Time Decay 300 | . 140 160 . . Lost Part 42 | . 22 20 . . Squads Dispatched 1 | . 1 . . . Investigation . | . . . . . Extermination . | . . . . . Reinforcement 1 | . 1 . . . Assault . | . . . . . Garrison . | . . . . . Intercept . | . . . . . Searches Triggered . | . . . . . Construction Impeded . | . . . . . Haulers Reinforced . | . . . . . Active Scanning Responses . | . . . . . Cargo Convoy Interrupts . | . . . . . Stealth | -11 -10 -10 -10 -9 --------- Run | Yrd Mat Min Exi Min Distress Signals . | . . . . . Communications Jammed . | . . . . . Distress Signals . | . . . . . Times Spotted 22 | . 8 8 . 6 Peak Tracking Total 6 | . 2 3 . 6 Tactical Retreats 1 | . . 1 . . Traps | -11 -10 -10 -10 -9 ------- Run | Yrd Mat Min Exi Min Traps Triggered 1 | . 1 . . . Indirectly . | . . . . . Trap Hack Attempts . | . . . . . Triggered . | . . . . . Disarmed . | . . . . . Reprogrammed . | . . . . . Reused . | . . . . . Traps Extracted . | . . . . . Installed . | . . . . . Triggered . | . . . . . Machines | -11 -10 -10 -10 -9 ---------- Run | Yrd Mat Min Exi Min Machines Disabled . | . . . . . Max in Single Turn . | . . . . . Machines Repaired . | . . . . . Machines Dismantled . | . . . . . Machines Sabotaged . | . . . . . Overloaded Fab Kills . | . . . . . Hacking | -11 -10 -10 -10 -9 --------- Run | Yrd Mat Min Exi Min Machines Accessed 4 | . 2 . 2 . Terminals 2 | . 2 . . . Fabricators . | . . . . . Repair Stations . | . . . . . Recycling Units . | . . . . . Scanalyzers . | . . . . . Garrison Access . | . . . . . Total Hacks 8 | . 3 . 5 . Successful 7 | . 2 . 5 . Failed 1 | . 1 . . . Catastrophic . | . . . . . Database Lockouts . | . . . . . Manual 4 | . 3 . 1 . Terminals 3 | . 3 . . . Fabricators . | . . . . . Repair Stations . | . . . . . Recycling Units . | . . . . . Scanalyzers . | . . . . . Garrison Access . | . . . . . Terminal Hacks 5 | . . . 5 . Record 4 | . . . 4 . Proto ID Catalog 1 | . . . 1 . Fabricator Hacks . | . . . . . Repair Station Hacks . | . . . . . Recycling Unit Hacks . | . . . . . Scanalyzer . | . . . . . Garrison Access Hacks . | . . . . . Unauthorized Hacks 2 | . 2 . . . Terminals 2 | . 2 . . . Botnet 2 | . 2 . . . Fabricators . | . . . . . Repair Stations . | . . . . . Recycling Units . | . . . . . Scanalyzers . | . . . . . Garrison Access . | . . . . . Data Cores Recovered . | . . . . . Used . | . . . . . Hacking Detections 2 | . 2 . . . Full Trace Events . | . . . . . Feedback Events . | . . . . . Feedback Blocked . | . . . . . Robot Schematics Acquired . | . . . . . Robots Built . | . . . . . Authchips . | . . . . . Time . | . . . . . Total Robot Build Rating . | . . . . . Part Schematics Acquired . | . . . . . Parts Built . | . . . . . Authchips . | . . . . . Time . | . . . . . Total Part Build Rating . | . . . . . Part Studies Acquired . | . . . . . Parts Repaired . | . . . . . Time . | . . . . . Parts Recycled . | . . . . . Recycled Matter . | . . . . . Retrieved Matter . | . . . . . Retrieved Components . | . . . . . Parts Scanalyzed . | . . . . . Part Schematics Acquired . | . . . . . Parts Damaged . | . . . . . Bothacking | -11 -10 -10 -10 -9 ------------ Run | Yrd Mat Min Exi Min Used RIF Installer . | . . . . . Robots Hacked . | . . . . . Non-combat . | . . . . . Combat . | . . . . . Robot Hacks Applied . | . . . . . Relay Couplers Released . | . . . . . Fabnet Peak Effective % . | . . . . . Robots Rewired . | . . . . . Allies Hacked . | . . . . . Hacks Repelled . | . . . . . Allies | -11 -10 -10 -10 -9 -------- Run | Yrd Mat Min Exi Min Total Allies . | . . . . . Largest Group . | . . . . . Highest-Rated Group . | . . . . . Highest-Rated Ally . | . . . . . Total Orders . | . . . . . Ally Attacks . | . . . . . Total Damage . | . . . . . Kills . | . . . . . Allies Corrupted . | . . . . . Allies Melted . | . . . . . Intel | -11 -10 -10 -10 -9 ------- Run | Yrd Mat Min Exi Min Active Infowar (turns) . | . . . . . Robot Analysis Total . | . . . . . Derelict Logs Recovered 3 | . . 2 . 1 Drone Launches . | . . . . . Drone Recoveries . | . . . . . Exploration | -11 -10 -10 -10 -9 ------------- Run | Yrd Mat Min Exi Min Turns Passed 1342 | 46 335 518 379 64 Spaces Moved 887 | 35 160 344 316 32 Core 77 | 5 34 38 . . Treads . | . . . . . Legs 810 | 30 126 306 316 32 Wheels . | . . . . . Hover . | . . . . . Flight . | . . . . . Fastest Speed 50 | 50 120 120 120 120 Average Speed 126 | 110 137 128 120 120 Slowest Speed 200 | 120 200 200 120 120 Overloaded Moves . | . . . . . Propulsion Burnouts . | . . . . . Robots Hopped . | . . . . . Potential Cave-ins . | . . . . . Cave-ins Triggered . | . . . . . Exploration Rate (%) 38 | 4 39 72 68 8 Regions Visited 4 Branch Regions 3 Pre-discovered Areas 2 | . . 1 1 . Known Exits Taken 3 | . 1 1 1 . Unknown Exits Taken 1 | 1 . . . . Scrap Searched 1 | . . . . 1 Spaces Dug . | . . . . . Terrain Destroyed . | . . . . . Melee . | . . . . . Projectile . | . . . . . AOE . | . . . . . Terrain Rammed . | . . . . . Walls Destroyed . | . . . . . Machines Disabled . | . . . . . Actions | -11 -10 -10 -10 -9 --------- Run | Yrd Mat Min Exi Min Total 999 | 40 210 386 316 47 Wait 39 | 1 11 18 . 9 Move 883 | 34 159 343 315 32 Hop . | . . . . . Pick Up 7 | . 4 2 1 . Fast Attach 10 | 5 3 2 . . Attach 2 | . . 2 . . Detach . | . . . . . Swap 2 | . 1 1 . . Drop 1 | . . 1 . . Fire 55 | . 32 17 . 6 Melee . | . . . . . Ram . | . . . . . Kick . | . . . . . Crush . | . . . . . Escape Stasis . | . . . . . Rewire . | . . . . . Trap . | . . . . . Miscellaneous . | . . . . . Route ------- -11/Scrapyard -10/Materials (discovered 2 exits: *Mat / *Min) -10/Mines (discovered 3 exits: *Mat x2 / *Exi) -10/Exiles -9/Mines History --------- Turn | Location | Event 7 | -11/Scrapyard | Discovered new exit (range 16) 47 | -11/Scrapyard | Entered Materials 232 | -10/Materials | Discovered new exit (range 3) 246 | -10/Materials | Discovered new exit (range 10) 317 | -10/Materials | Build established: Mutant 380 | -10/Materials | Identified exit to Mines 382 | -10/Materials | Entered Mines 399 | -10/Mines | Met a Derelict bent on vengeance 471 | -10/Mines | Core integrity fell below 50% 587 | -10/Mines | Deemed a non-threat by the Exiles lab entrance 587 | -10/Mines | Discovered new exit (range 5) 590 | -10/Mines | Identified exit to Exiles 601 | -10/Mines | Discovered new exit (range 11) 612 | -10/Mines | Identified exit to Materials 756 | -10/Mines | Discovered exit to Materials (range 12) 763 | -10/Mines | Learned location of Zion (-6) 796 | -10/Mines | Build established: Scavenger-Mutant 823 | -10/Mines | Learned Materials stockpile data 900 | -10/Mines | Entered Exiles 929 | -10/Exiles | Met 8R-AWN 950 | -10/Exiles | Met EX-HEX 984 | -10/Exiles | Met EX-BIN 999 | -10/Exiles | Aligned with FarCom system 1000 | -10/Exiles | Given EX-Vault access code 1028 | -10/Exiles | Opened EX-Vault 1038 | -10/Exiles | Found Skeleton Box 1061 | -10/Exiles | Warned to stay clear of 0b10 Research branches 1099 | -10/Exiles | Met EX-DEC 1153 | -10/Exiles | Visited The Gauntlet 1265 | -10/Exiles | Discovered new exit (range 14) 1278 | -10/Exiles | Identified exit to Mines 1279 | -10/Exiles | Left Exiles lab with Skeleton Box 1279 | -10/Exiles | Entered Mines 1300 | -9/Mines | Learned 8 Materials zone layouts 1335 | -9/Mines | Core integrity fell below 20% 1343 | -9/Mines | Destroyed by S-10 Pest with Light Assault Rifle Last Messages --------------- H2LHN5ZDK6Y5,34<&6RQLBVADCH, System corrupted: Component data lost. EXIT=FOUND EXIT=IDENTIFIED: MINES LOCATION=MINES GOAL=ESCAPE Receiving FarCom transmissions... AI=YUH0EQISQ2<5EVHFUGDMG34 W:IY& Searching scrap... Found Arm. Wheel. Found Field Recycling Unit. Found Imp. Ion Engine. Found Hover Unit. Found 68 Matter. Acquired 9 matter. Acquired derelict log, extracted data. Data stored: Materials zone layouts (x8). L-31 Rogue suffers critical hit (Burn). Aluminum Leg destroyed. Particle Gun destroyed. Map ----- +----------------------------------------------------+ | | | | | | | | | | | ???????????????????????????????????????? | | ???????????????????????????????????????? | | ???????????????????????????????????????? | | ???????????????????????????????????????? | | ???????????????????????????????????????? | | ???????????????????????????????????????? | | ???????????????????????????????????????? | | ???????????????????????????????????????? | | ???????????????????????????????????????? | | ???????????????????????????????????????? | | ???????????????????????????????????????? | | ???????????????????????????????????????? | | ???????????????????????????????????????? | | ???????????????????????????????????????? | | ???????????????????????????????????????? | | ???????????????????????????????????????? | | ???????????????????????????????????????? | | ???????????????????????????????????????? | | ??????????????????????#########????????? | | ?????????????????????## =%! #????????? | | ?????????????????????# s @= #????????? | | ????????????????????#ssl#### #????????? | | ????????????????????# g #??# #????????? | | ????????????????????# #??# #????????? | | ???????????????????# g #??# #????????? | | ???????????????????# #??# #????????? | | ???????????????????# ??# #????????? | | ??????????????????? ??# #????????? | | ??????????????????# #??# #????????? | | ?????????????????? #??## #?###????? | | ????????????????? #??## ## ##???? | | ????????????????? #??## #???? | | ????????????????## ???# #???? | | ?????????????????## ???# #???? | | ??????????????????? ????# #???? | | ????????????????????????## #???? | | ?????????????????????????## #???? | | ??????????????????????????#### #???? | | ?????????????????????????????#######???? | | ???????????????????????????????????????? | | ???????????????????????????????????????? | | ???????????????????????????????????????? | | ???????????????????????????????????????? | | ???????????????????????????????????????? | | ???????????????????????????????????????? | +----------------------------------------------------+ Best States ------------- Heat Dissipation 49 Energy Generation 10 Energy Capacity 250 Matter Stores 300 Matter Capacity 300 Sight Range 16 Terrain Scan Density 10 Evasion (%) 55 Offensive Hacking 10 Item Schematics ----------------- None Robot Schematics ------------------ None Fabricated ------------ Nothing Repaired ---------- Nothing Studied --------- None Alien Tech Used ----------------- None Achievements -------------- None Challenges ------------ None Game ------ Seed ReactiveTiamatAutohacker Manual? 0 Play Time 00:09:13 Cumulative 41.3 hours Start 2026.06.29 @ 19:09:34 End 2026.06.29 @ 19:18:47 Sessions 1 Manual Loads 0 Difficulty Rogue Special Mode None Game No. 42 Rogue 42 Adventurer 0 Explorer 0 Win Type - Total 0 Types 0/0/0/0/0/0/0/0/0/0 Lore% 50 Gallery% 33 Achievement% 30 Wizard Run 0 Options --------- Layout 1 ASCII 0 Keyboard 1 Movement Numpad Keybinds 0 Fullscreen 1 Font 24/X11 Map View 50x35 Zoom Use 0% Tactical HUD 0 Map Filters NONE Filters NONE Steam 1 RUN: 699c7784-d0a7-43ba-90d5-bbbd9a366a74